 Dungeon Crawl Stone Soup version 0.18-a0-1243-g9e52518 (webtiles) character file.

273 Gagarin the Charmwright (level 6, 0/47 HPs)
             Began as a Merfolk Skald on Feb 5, 2016.
             Killed by divine providence
             ... invoked by an orc priest
              (14 damage)
             ... on level 3 of the Dungeon.
             The game lasted 00:13:30 (4185 turns).

Gagarin the Charmwright (Merfolk Skald)             Turns: 4185, Time: 00:13:30

Health: 0/47       AC:  9    Str: 12    XL:     6   Next: 24%
Magic:  9/10       EV: 13    Int: 13    God:
Gold:   79         SH:  0    Dex: 14    Spells: 3 memorised, 4 levels left

rFire  . . .     SeeInvis .     w - +1 falchion (protect)
rCold  . . .     Gourm    .     b - +0 leather armour
rNeg   . . .     Faith    .     (no shield)
rPois  .         Spirit   .     (no helmet)
rElec  .         Dismiss  .     (no cloak)
rCorr  .         Reflect  .     p - +0 pair of gloves
SustAt .         Harm     .     (no boots)
MR     .....                    (no amulet)
Stlth  ++........               (no ring)
                                (no ring)

@: infused, not resistant to hostile enchantments, unstealthy
A: change form in water, swift swim
a: no special abilities


You were on level 3 of the Dungeon.
You were hungry.

You visited 1 branch of the dungeon, and saw 3 of its levels.
You also visited: Sewer.

You collected 79 gold pieces.

Inventory:

Hand Weapons
 a - a +0 falchion
 e - a +2 short sword of draining
 v - a +1 dagger of flaming
 w - a +1 falchion of protection (weapon)
Missiles
 s - a throwing net (quivered)
Armour
 b - a +0 leather armour (worn)
 p - a +0 pair of gloves (worn)
Wands
 q - a wand of flame (11/48)
Scrolls
 f - 6 scrolls of identify {unknown}
 g - a scroll of enchant armour {unknown}
 h - a scroll of teleportation {unknown}
 i - a scroll of immolation {unknown}
 n - a scroll of magic mapping {unknown}
 o - a scroll of fear {unknown}
 u - a scroll of random uselessness {unknown}
 y - a scroll of enchant weapon {unknown}
 B - a scroll of remove curse {unknown}
Potions
 l - 7 potions of curing {unknown}
 m - 2 potions of magic {unknown}
 t - 4 potions of heal wounds {unknown}
 z - 4 potions of agility {unknown}
 A - 2 potions of might {unknown}
Books
 c - a book of Battle

   Spells                             Type                      Level
   a - Infusion                       Charms                       1
   b - Shroud of Golubria             Charms/Translocation         2
   c - Song of Slaying                Charms                       2
   d - Spectral Weapon                Hexes/Charms                 3
   e - Regeneration                   Charms/Necromancy            3
Comestibles
 d - 3 bread rations
 j - 3 meat rations
 k - a beef jerky
 r - a royal jelly
 x - 2 chunks of flesh


   Skills:
 + Level 3.1 Fighting
 + Level 0.2(2.3) Short Blades
 + Level 3.4 Long Blades
 + Level 1.6 Armour
 + Level 4.0 Dodging
 + Level 1.3 Stealth
 + Level 2.6 Spellcasting
 + Level 4.1 Charms


You had 4 spell levels left.
You knew the following spells:

 Your Spells              Type           Power        Failure   Level  Hunger
a - Infusion              Chrm           ##..         8%          1    #......
b - Song of Slaying       Chrm           ##......     12%         2    ###....
c - Regeneration          Chrm/Necr      #.........   41%         3    ###....


Dungeon Overview and Level Annotations

Branches:
Dungeon (3/15)

Altars:
Ashenzari
Pakellas
Trog
Xom
Zin


Message History

The orc priest looks braver for a moment.
The orc priest invokes the aid of Beogh against you.
Something smites you!
* * * LOW HITPOINT WARNING * * *
The orc priest looks braver for a moment.
You are feeling hungry.
Evoke which item? (* to show all) (? for menu, Esc to quit)
Zapping:
q - a wand of flame {zapped: 5} (will waste charges)
Press: ? - help, Shift-Dir - straight line, f - orc priest
Aim: an orc priest, wielding a dagger and wearing a leather armour The puff of flame hits the orc.
The orc is heavily wounded.
Evoking this partially-identified wand wasted a few charges.
The orc closely misses you.
Casting: Infusion
Confirm with . or Enter, or press ? or * to list all spells.
You begin infusing your attacks with magical energy.
The orc priest calls down the wrath of Beogh upon you.
Something smites you!
You die...

..## ...## ....# ....# ....#
...######## ########
(.....)...###### #......#
....#####......#######......#
...(# ######..@oo..o..)...#
....# #########......# ...##
#......# ..## #######......#
..# ##........##### ..#
#######......#### ..#
#.......o....# #.###...#....#
.. #.###..##....#


You could see an orc priest and 2 orcs.

Vanquished Creatures
  A big kobold (Sewer)
  6 adders
  5 river rats (Sewer)
  3 oozes
  A worm (D:2)
  7 giant geckos
  An orc (D:3)
  6 ball pythons (Sewer)
  6 bats
  2 giant cockroaches (D:3)
  3 goblins
  6 hobgoblins
  A quokka (D:2)
  2 giant newts
  27 kobolds
  22 rats
99 creatures vanquished.

Vanquished Creatures (others)
  A lightning spire (D:2)
  A bush (D:2)
2 creatures vanquished.

Grand Total: 101 creatures vanquished

Notes
Turn   | Place    | Note
--------------------------------------------------------------
     0 | D:1      | Gagarin the Merfolk Skald began the quest for the Orb.
     0 | D:1      | Reached XP level 1. HP: 16/16 MP: 3/3
   379 | D:1      | Reached XP level 2. HP: 23/23 MP: 5/5
   827 | D:1      | Reached XP level 3. HP: 28/28 MP: 6/6
  1134 | D:2      | Reached skill level 4 in Charms
  1146 | D:2      | Found a glowing silver altar of Zin.
  1146 | D:2      | Found a shimmering altar of Xom.
  1146 | D:2      | Noticed an angel
  1165 | D:2      | Reached skill level 1 in Armour
  1179 | D:2      | Reached XP level 4. HP: 10/34 MP: 7/7
  2019 | D:2      | Found an oddly glowing altar of Pakellas.
  2020 | D:2      | Noticed a deep elf annihilator
  2389 | D:2      | Found a shattered altar of Ashenzari.
  2790 | D:3      | Found a bloodstained altar of Trog.
  2832 | D:3      | Found a glowing drain.
  2874 | Sewer    | Entered a sewer
  2892 | Sewer    | Reached XP level 5. HP: 15/41 MP: 2/8
  3106 | Sewer    | Learned a level 2 spell: Song of Slaying
  3110 | Sewer    | Learned a level 3 spell: Regeneration
  3624 | Sewer    | Noticed a big kobold
  3637 | Sewer    | Killed a big kobold
  3637 | Sewer    | Reached skill level 1 in Stealth
  3637 | Sewer    | Reached XP level 6. HP: 24/47 MP: 1/10
  4185 | D:3      | Killed from afar by an orc priest

Vault maps used:
D:1:      lightli_arrival_noodles
D:2:      grunt_temple_overflow_order_and_chaos_1, lemuel_round_altar,
          gammafunk_pakellas_spire_experiment
D:3:      gup_sewer_entry_pipe, first_bread, trog_book
Sewer:    sewer_minmay_treatment

Action                   |  1- 3 |  4- 6 || total
-------------------------+-------+-------++-------
Melee: Falchion          |    66 |   200 ||   266
       Dagger            |       |    24 ||    24
 Cast: Infusion          |     3 |     7 ||    10
       Song of Slaying   |       |     5 ||     5
Evoke: Wand              |       |     3 ||     3
 Stab: Sleeping          |       |     1 ||     1
  Eat: Chunk             |     1 |     8 ||     9
       Pizza             |       |     1 ||     1
